 Dungeon Crawl Stone Soup version 0.17-a0-1646-geb1493d (webtiles) character file.

1532193 patman the Devastator (level 26, 259/259 HPs)
             Began as a Demigod Gladiator on Aug 5, 2015.
             Escaped with the Orb
             ... and 3 runes on Aug 9, 2015!
             The game lasted 05:32:35 (88553 turns).

patman the Devastator (Demigod Gladiator)          Turns: 88553, Time: 05:32:35

Health: 259/259    AC: 35    Str: 21    XL:     26   Next: 9%
Magic:  41/41      EV: 35    Int: 24    God:
Gold:   531        SH:  9    Dex: 34    Spells: 7 memorised, 16 levels left

rFire  + + +     SeeInvis +     a - +8 double sword (elec)
rCold  . . .     Clarity  .     e - +7 chain mail "Bupruisi" {rC- Str+6 Int+4}
rNeg   . . .     SustAt   +     h - +1 buckler "Gutum" {rF+++ Str-3 Dex+4 Stlth+}
rPois  .         Gourm    .     A - +2 helmet {SInv}
rElec  +         Spirit   .     O - +2 cloak of Starlight {rElec rC+ EV+4 Stlth--}
rCorr  .         Warding  .     M - +2 pair of fencer's gloves {LBl+4 SBl+4 EV+3 Dex+6}
rMut   .         Stasis   .     K - +2 pair of boots {run}
MR     ++...                    k - amulet of regeneration
Stlth  ..........               w - ring of wizardry
                                s - +4 ring of slaying

@: very slightly contaminated, studying 2 skills, repel missiles, quick, very
resistant to hostile enchantments, extremely unstealthy
A: high mp 1, robust 1, subdued magic 1, sustain attributes
a: no special abilities
0: Orb of Zot
}: 3/15 runes: barnacled, silver, gossamer


You escaped.
You were not hungry.

You visited 9 branches of the dungeon, and saw 53 of its levels.
You visited the Abyss 2 times.
You also visited: Ice Cave.

You collected 8579 gold pieces.
You spent 8048 gold pieces at shops.

Inventory:

Hand weapons
 a - a +8 double sword of electrocution (weapon)
 b - a +5 antimagic double sword
 t - the +3 Elemental Staff {rElec rF++ rC++ MR++ AC+5}
   (You found it on level 3 of the Elven Halls)

   It affects your AC (+5).
   It greatly protects you from fire.
   It greatly protects you from cold.
   It insulates you from electricity.
   It affects your resistance to hostile enchantments.
Missiles
 H - 7 throwing nets (quivered)
Armour
 e - the +7 chain mail "Bupruisi" (worn) {rC- Str+6 Int+4}
   (You found it on level 3 of the Elven Halls)

   It affects your strength (+6).
   It affects your intelligence (+4).
   It makes you vulnerable to cold.
 h - the +1 buckler "Gutum" (worn) {rF+++ Str-3 Dex+4 Stlth+}
   (You found it on level 3 of the Depths)

   It affects your strength (-3).
   It affects your dexterity (+4).
   It renders you almost immune to fire.
   It makes you more stealthy.
 A - a +2 helmet of see invisible (worn)
 K - a +2 pair of boots of running (worn)
 M - the +2 pair of fencer's gloves (worn) {LBl+4 SBl+4 EV+3 Dex+6}
   (You found it on level 3 of the Depths)

   It affects your evasion (+3).
   It affects your dexterity (+6).
 O - the +2 cloak of Starlight (worn) {rElec rC+ EV+4 Stlth--}
   (You acquired it on level 2 of the Realm of Zot)

   It affects your evasion (+4).
   It protects you from cold.
   It insulates you from electricity.
   It makes you much less stealthy.
Jewellery
 k - an amulet of regeneration (around neck)
 s - a +4 ring of slaying (left hand)
 v - an uncursed amulet of resist corrosion
 w - a ring of wizardry (right hand)
 y - the ring "Zonebus" {rPois rF+ Str+3}
   (You found it on level 5 of the Vaults)

   [ring of poison resistance]

   It affects your strength (+3).
   It protects you from fire.
   It protects you from poison.
 z - an uncursed ring of protection from magic
 G - an uncursed ring of protection from cold
 N - an uncursed ring of flight
Magical devices
 c - a wand of heal wounds (4)
 x - a wand of invisibility (3)
 F - a wand of teleportation (6)
 L - a wand of disintegration (2)
 R - a wand of digging (15)
Scrolls
 f - 7 scrolls of recharging
 g - 5 scrolls of fog
 j - 10 scrolls of remove curse
 o - 3 scrolls of holy word
 q - 6 scrolls of identify
 r - 3 scrolls of blinking
 u - 6 scrolls of fear
 C - 2 scrolls of magic mapping
 P - 7 scrolls of immolation
 S - 4 scrolls of teleportation
 T - 5 scrolls of silence
 Z - a scroll of summoning
Potions
 d - 4 potions of invisibility
 i - 2 potions of flight
 l - 2 potions of cancellation
 n - a potion of resistance
 p - 3 potions of berserk rage
 I - 3 potions of haste
 J - 7 potions of brilliance
 Q - 4 potions of magic
 U - 4 potions of agility
 V - 2 potions of might
 W - 5 potions of curing
 Y - 4 potions of ambrosia
Books
 B - a manual of Necromancy
 X - a manual of Earth Magic
Comestibles
 m - 10 bread rations
 D - 21 fruits


   Skills:
 * Level 19.2 Fighting
 - Level 16.0(20.0) Long Blades
   Level 13.0 Maces & Flails
 - Level 1.7 Throwing
 - Level 15.6 Armour
 * Level 18.6 Dodging
 - Level 6.9 Shields
 - Level 9.0 Spellcasting
 - Level 19.9 Conjurations
 - Level 6.1 Charms
 - Level 5.5 Necromancy
 - Level 10.2 Earth Magic
 - Level 12.3 Poison Magic


You had 16 spell levels left.
You knew the following spells:

 Your Spells              Type           Power        Failure   Level  Hunger
a - Poison Arrow          Conj/Pois      ######....   1%          6    ######.
c - Iron Shot             Conj/Erth      ######....   2%          6    ######.
d - Orb of Destruction    Conj           ######....   1%          7    #######
p - Apportation           Tloc           #.........   7%          1    None
B - Blink                 Tloc           N/A          13%         2    None
M - Repel Missiles        Chrm/Air       ###...       2%          2    None
R - Regeneration          Chrm/Necr      ####......   1%          3    None


Dungeon Overview and Level Annotations

Branches:
Dungeon (15/15)            Temple (0/1) D:5            Lair (8/8) D:10
 Shoals (4/4) Lair:3       Spider (4/4) Lair:3        Slime (0/6) Lair:8
    Orc (4/4) D:10            Elf (3/3) Orc:4        Vaults (5/5) D:13
  Crypt (0/3) Vaults:3     Depths (5/5) D:15            Zot (5/5) Depths:5

Shops:
D:10 [   Orc:4 **[%   Elf:1 !   Elf:2 [   Shoals:1 :   Shoals:2 [
Vaults:4 [[[   Depths:4 *}(

Portals:
Hell: Depths:1 Depths:2 Depths:3 Depths:4 Depths:5
Abyss: Depths:1 Depths:4
Pandemonium: Depths:2 Depths:3 Depths:5
Ziggurat: Depths:3

Annotations:
Vaults:2 Wiglaf
Vaults:3 Mennas
Abyss:1 Asterion, Josephine


Innate Abilities, Weirdness & Mutations

You have an increased reservoir of magic (+10% MP).
Your attributes are resistant to harm.
You are robust (+10% HP).
Your spells are a little easier to cast, but a little less powerful.


Message History

The Orb Guardian misses you.
You hit the Orb Guardian.
The Orb Guardian is heavily wounded.
The Orb Guardian completely misses you.
You slice the Orb Guardian!!
There is a sudden explosion of sparks!
The Orb Guardian is almost dead.
You hit the Orb Guardian.
There is a sudden explosion of sparks!
You kill the Orb Guardian!
No target in view!
No target in view!
Your extra speed is starting to run out.
You feel yourself slow down.
You enter the shallow water.
Moving in this stuff is going to be slow.
Magic restored.
There is a large open door here.
There is an open door here.
There is a large open door here.
There is a staircase leading out of the dungeon here.
You have escaped!

#....≈≈≈≈≈≈≈≈≈≈≈≈≈≈≈≈≈≈≈≈≈≈≈.....
#....≈≈≈≈≈≈≈≈≈≈≈≈≈≈≈≈≈≈≈≈≈≈≈.....
#....≈≈≈≈≈≈≈≈≈≈≈≈≈≈≈≈≈≈≈≈≈≈≈.....
.....≈≈≈#+#'#≈≈≈≈≈≈≈#+#'#≈≈≈.....
.....≈≈≈+...##+###'##...'≈≈≈.....
.....≈≈≈+...#.......#...'≈≈≈.(...
.....≈≈≈#'###.#####.#'#'#≈≈≈.....
.....≈≈≈≈≈'...#...#...#≈≈≈≈......
.....≈≈≈≈≈#.###.@.'.⌠.+≈≈≈..⌠...#
.....≈≈≈≈≈#.###...'.⌠.+≈≈≈..⌠...#
.....≈≈≈≈≈+...#...#.2.#≈≈≈≈.....#
.....≈≈≈#+###.#####.###+#≈≈≈....#
#....≈≈≈'...'.......'...'≈≈≈....#
#....≈≈≈'>..##+###'##..('≈≈≈....#
#....≈≈≈#+#'#≈≈≈≈≈≈≈#'#+#≈≈≈....#
#....≈≈≈≈≈≈≈≈≈≈≈≈≈≈≈≈≈≈≈≈≈≈≈....#
#....≈≈≈≈≈≈≈≈≈≈≈≈≈≈≈≈≈≈≈≈≈≈≈....#


You could see a cacodemon.

Vanquished Creatures
  6 ancient liches
  4 orbs of fire
  2 caustic shrikes
  The ghost of Rayvis the Executioner, a great MiFi of Makhleb (Vaults:5)
  A Killer Klown (Zot:4)
  Jory (Depths:3)
  9 golden dragons
  Arachne (Spider:2)
  A bone dragon (Abyss:1)
  2 liches
  3 electric golems (Zot:5)
  18 tentacled monstrosities
  22 Orb Guardians
  3 quicksilver dragons
  4 deep elf blademasters
  A titan (Vaults:5)
  4 tentacled starspawn
  2 deep elf master archers (Elf:3)
  Polyphemus (Shoals:2)
  3 Executioners (Abyss:1)
  A kraken (Shoals:2)
  Frances (Shoals:1)
  4 sphinxes
  5 tengu reavers
  10 shadow dragons
  10 storm dragons
  Roxanne (Elf:1)
  7 fire giants
  Ilsuiw (Shoals:4)
  6 draconian monks
  4 ghost moths
  Donald (Orc:4)
  2 iron dragons
  6 draconian knights
  10 deep elf sorcerers
  3 orc warlords
  2 balrugs
  2 cacodemons
  Aizul (Vaults:1)
  Louise (Shoals:1)
  3 emperor scorpions (Spider:4)
  3 draconian scorchers
  11 frost giants
  18 vault wardens
  8 draconian annihilators
  A draconian shifter (Zot:3)
  7 very ugly things
  10 ironheart preservers
  3 war gargoyles (Vaults:5)
  4 black draconians
  25 stone giants
  5 vampire knights
  7 deep elf annihilators (Elf:3)
  4 draconian callers
  8 green draconians
  9 yellow draconians
  7 white draconians
  7 deep elf demonologists
  A salamander stormcaller (Vaults:5)
  11 mottled draconians
  10 red draconians
  A dire elephant (Abyss:1)
  9 purple draconians
  8 deep elf death magi
  Snorg (Lair:5)
  A crystal guardian (Vaults:4)
  6 merfolk javelineers
  25 yaktaur captains
  14 ettins
  A minotaur (shapeshifter) (Vaults:5)
  7 death cobs
  11 merfolk impalers
  4 deep elf high priests
  6 jiangshi
  17 fire dragons
  39 vault guards
  5 entropy weavers
  6 great orbs of eyes
  Fannar (D:11)
  20 ice dragons
  4 spriggan air magi
  5 rakshasas
  A monstrous demonspawn (Depths:5)
  6 hydras
  2 catoblepae
  3 merfolk avatars
  11 centaur warriors
  15 ogre magi
  3 satyrs
  4 death yaks
  13 deep troll shamans
  6 merfolk aquamancers
  A ghost crab (shapeshifter) (Vaults:2)
  2 alligator snapping turtles
  22 deep troll earth magi
  11 dancing weapons (Elf:2)
  A queen ant (shapeshifter) (Elf:2)
  A thrashing horror (Abyss:1)
  2 hell hogs (Abyss:1)
  2 vampire magi
  4 tengu warriors
  Urug (Orc:2)
  3 spriggan berserkers
  3 orc high priests
  Nergalle (Abyss:1)
  18 deep elf knights
  A shadow wraith (Vaults:5)
  2 fire crabs
  8 sea snakes
  A wretched star (Abyss:1)
  An ice devil (Depths:3)
  7 hell knights
  2 skeletal warriors (D:14)
  An infernal demonspawn (Depths:5)
  3 unseen horrors
  A salamander mystic (Depths:1)
  5 deep elf summoners
  35 deep trolls
  4 phantasmal warriors
  6 giant orange brains
  3 spatial maelstroms
  8 iron trolls
  3 ice statues (IceCv)
  3 flayed ghosts
  2 wizards
  An unseen horror (shapeshifter) (Vaults:2)
  A wolf spider zombie (D:15)
  8 necromancers
  22 ironbrand convokers
  A hornet (Spider:3)
  2 swamp dragons (shapeshifter)
  An iron dragon zombie (Abyss:1)
  13 cyclopes
  An orb spider (shapeshifter) (Depths:2)
  39 ugly things
  28 wolf spiders
  13 harpies
  6 sixfirhies
  13 griffons
  2 lindwurms (shapeshifter)
  15 orc knights
  18 orb spiders
  12 deep elf conjurers
  A manticore (shapeshifter) (Depths:3)
  20 moths of wrath
  3 salamanders
  8 hill giants
  12 manticores
  3 water nymphs
  An elephant (shapeshifter) (Vaults:5)
  A stone giant skeleton (Depths:2)
  Maurice (Orc:4)
  13 fauns
  A fire giant skeleton (Abyss:3)
  10 sirens
  2 smoke demons
  15 vault sentinels
  21 elephants
  5 spectral swamp worms (Depths:3)
  A torpor snail (Spider:2)
  6 black mambas
  4 elf zombies
  2 orange demons
  A storm dragon simulacrum (D:15)
  A naga mage (Depths:5)
  2 yaktaurs (shapeshifter)
  12 spiny frogs
  2 fire drakes
  A hellion (Depths:3)
  14 deep elf priests
  77 yaktaurs
  7 demonic crawlers
  3 kobold demonologists
  4 komodo dragons
  A spriggan druid (Lair:8)
  11 trolls
  3 tengu conjurers
  A red devil (Depths:3)
  3 freezing wraiths
  2 wind drakes
  A troll (shapeshifter) (D:15)
  32 merfolk
  22 jumping spiders
  A blue devil (Depths:5)
  10 polar bears (Lair:8)
  4 boulder beetles
  A raiju (shapeshifter) (Depths:4)
  A two-headed ogre (shapeshifter) (Depths:1)
  6 raiju
  12 slime creatures
  30 two-headed ogres
  14 snapping turtles
  19 trapdoor spiders
  25 deep elf magi
  An ettin skeleton (Depths:2)
  An ice dragon skeleton (Depths:1)
  A redback (shapeshifter) (Depths:2)
  The ghost of patman the Twirler, an average KoGl (D:5)
  22 blink frogs
  3 shadows
  3 vampires
  4 ynoxinuls
  5 wraiths
  Sigmund (D:6)
  12 water elementals
  12 spriggans
  16 tarantellas
  9 air elementals
  12 hippogriffs
  52 redbacks
  A human (D:11)
  A chaos spawn (Abyss:1)
  A spriggan (shapeshifter) (Vaults:2)
  2 wyverns
  A fire elemental (Depths:1)
  46 yaks
  A hippogriff (shapeshifter) (Vaults:2)
  3 basilisks
  23 deep elf fighters
  25 vampire mosquitoes
  2 neqoxecs
  A tengu zombie (Depths:1)
  3 hungry ghosts
  Edmund (D:4)
  36 wolves
  7 wargs
  2 mottled dragons (shapeshifter)
  16 porcupines
  2 mottled dragons
  A water moccasin (shapeshifter) (Elf:1)
  15 spiders
  11 water moccasins
  4 black bears
  7 large abominations
  31 orc warriors
  40 starcursed masses
  17 boggarts
  An eye of draining (D:12)
  6 wasps
  An eye of draining (shapeshifter) (D:15)
  A necrophage (D:9)
  7 ice beasts
  57 ogres
  2 phantoms
  6 sky beasts
  15 centaurs
  19 crocodiles
  2 crocodiles (shapeshifter)
  12 small abominations
  A big kobold (D:15)
  A brain worm (shapeshifter) (Vaults:5)
  A brain worm (D:13)
  2 earth elementals (Depths:5)
  16 giant frogs
  2 gnoll sergeants
  3 scorpions
  A wyvern skeleton (D:12)
  8 killer bees
  A wight (Abyss:1)
  6 crimson imps
  5 electric eels
  8 jellies
  3 centaur zombies
  2 giant frog zombies
  11 hounds
  4 quasits
  A giant frog skeleton (D:10)
  A wasp zombie (D:9)
  5 centaur skeletons
  Ijyb (D:2)
  22 orc priests
  10 worker ants
  Jessica (D:2)
  7 iguanas
  32 orc wizards
  Terence (D:3)
  Natasha (twice) (D:2)
  35 sheep
  A hound zombie (D:6)
  A worker ant zombie (D:7)
  2 hound skeletons
  Robin (D:3)
  11 adders
  20 gnolls
  54 river rats
  2 shadow imps
  12 white imps (Orc:2)
  2 ufetubi (Abyss:1)
  An ooze (Lair:8)
  2 adder zombies (D:6)
  An adder skeleton (D:4)
  A worm (D:2)
  6 giant geckos
  175 orcs
  7 bats
  11 giant cockroaches
  7 goblins
  10 hobgoblins
  5 jackals
  12 kobolds
  4 quokkas
  3 giant newts
  A quokka skeleton (D:7)
  A quokka zombie (D:6)
  7 rats
  A crawling corpse (Vaults:5)
  2 fungi (Lair:8)
  6 starspawn tentacles
  3 tentacles (Shoals:2)
2550 creatures vanquished.

Vanquished Creatures (collateral kills)
  A rakshasa (Depths:1)
  A spriggan air mage (Depths:1)
2 creatures vanquished.

Vanquished Creatures (others)
  An Orb Guardian (Zot:5)
  A tengu reaver (Vaults:5)
  5 vault wardens
  2 emperor scorpions (Spider:4)
  A ghost moth (Spider:4)
  2 draconian scorchers
  2 fire giants
  A draconian zealot (Zot:5)
  A very ugly thing (Vaults:3)
  A vampire knight (Depths:4)
  3 stone giants
  An ironheart preserver (Vaults:3)
  A merfolk javelineer (Shoals:4)
  A great orb of eyes (Depths:2)
  3 vault guards
  5 yaktaur captains
  2 fire dragons
  A quicksilver dragon zombie (Depths:2)
  2 rakshasas (Depths:1)
  2 entropy weavers (Spider:3)
  3 ice dragons
  A merfolk avatar (Shoals:1)
  An ogre mage (Orc:4)
  3 hydras
  A merfolk aquamancer (Shoals:4)
  A tengu warrior (D:13)
  A centaur warrior (Depths:1)
  A spriggan rider (Lair:8)
  4 skeletal warriors
  A wizard (Depths:5)
  3 hell knights (Depths:2)
  A giant orange brain (Vaults:2)
  A sea snake (Shoals:1)
  4 deep trolls
  A phantasmal warrior (Depths:2)
  A wolf spider (Spider:1)
  A large abomination (Elf:1)
  An orb spider (Spider:4)
  An orb spider (shapeshifter) (Elf:2)
  A salamander (Depths:1)
  3 orc knights
  7 ugly things
  2 manticores
  3 griffons
  A necromancer (Depths:1)
  2 fauns (Shoals:1)
  12 elephants
  A siren (Shoals:4)
  A torpor snail (Lair:4)
  A vault sentinel (Vaults:1)
  2 komodo dragons (Lair:6)
  A hellwing (Depths:1)
  2 centaur skeletons (D:12)
  2 spiny frogs
  2 demonic crawlers
  10 yaktaurs
  2 deep elf priests (Elf:1)
  A spriggan skeleton (Depths:2)
  4 two-headed ogres
  A wind drake (shapeshifter) (Depths:1)
  2 jumping spiders
  5 slime creatures
  A boulder beetle (D:10)
  A boulder beetle (shapeshifter) (Vaults:3)
  An ettin zombie (Depths:2)
  3 spriggans (Lair:8)
  7 redbacks
  2 wraiths
  9 yaks
  A tarantella (Spider:2)
  A basilisk (D:10)
  A wolf (Lair:8)
  3 deep elf magi
  A vampire mosquito (D:15)
  A water moccasin (Lair:5)
  A porcupine (Lair:4)
  3 orc warriors
  A sky beast (D:7)
  4 ogres
  A phantom (D:9)
  A centaur (D:7)
  A brain worm (Lair:5)
  A giant frog (D:8)
  A hound (D:8)
  An orc priest (Orc:4)
  An orc wizard (Orc:1)
  A worker ant (D:5)
  A hound zombie (D:7)
  A gnoll (D:7)
  A river rat (Lair:7)
  An adder skeleton (D:8)
  3 orcs
  5 bushes
  A crawling corpse (Vaults:5)
  92 fungi
  2 lurking horrors
  48 plants
  4 starspawn tentacles
  142 starspawn tentacle segments
  5 tentacles (Shoals:2)
  163 tentacle segments (Shoals:2)
655 creatures vanquished.

Grand Total: 3207 creatures vanquished

Notes
Turn   | Place    | Note
--------------------------------------------------------------
     0 | D:1      | patman the Demigod Gladiator began the quest for the Orb.
     0 | D:1      | Reached XP level 1. HP: 17/17 MP: 3/3
    75 | D:2      | Noticed Ijyb
    86 | D:2      | Reached skill level 3 in Maces & Flails
   105 | D:2      | Killed Ijyb
   105 | D:2      | Reached XP level 2. HP: 5/24 MP: 4/4
   107 | D:2      | Reached XP level 3. HP: 6/29 MP: 5/5
   358 | D:2      | Reached skill level 4 in Maces & Flails
  1301 | D:2      | Noticed Natasha
  1309 | D:2      | Killed Natasha
  1309 | D:2      | Reached XP level 4. HP: 16/36 MP: 6/6
  1513 | D:2      | Noticed Jessica
  1523 | D:2      | Killed Jessica
  1523 | D:2      | Reached skill level 5 in Maces & Flails
  2065 | D:3      | Noticed Terence
  2082 | D:3      | Killed Terence
  2082 | D:3      | Reached XP level 5. HP: 38/41 MP: 7/7
  2665 | D:3      | Reached skill level 6 in Maces & Flails
  3165 | D:3      | Noticed Robin
  3176 | D:3      | Killed Robin
  3309 | D:4      | Found a deep blue altar of Sif Muna.
  3326 | D:4      | Noticed Edmund
  3343 | D:4      | Killed Edmund
  3343 | D:4      | Reached XP level 6. HP: 48/48 MP: 8/8
  3387 | D:4      | Reached skill level 1 in Armour
  3432 | D:4      | Noticed an ogre
  3436 | D:4      | Killed an ogre
  4097 | D:4      | Reached XP level 7. HP: 43/53 MP: 9/9
  4125 | D:5      | Entered Level 5 of the Dungeon
  4219 | D:5      | Reached skill level 1 in Shields
  4451 | D:5      | Noticed patman's ghost (average KoGl)
  4480 | D:5      | Killed patman's ghost
  4485 | D:5      | Found a staircase to the Ecumenical Temple.
  4732 | D:5      | Reached skill level 5 in Shields
  4769 | D:5      | Reached XP level 8. HP: 56/60 MP: 10/10
  4946 | D:6      | Noticed Sigmund
  4963 | D:6      | Killed Sigmund
  5339 | D:6      | Reached skill level 7 in Maces & Flails
  5819 | D:7      | Reached skill level 8 in Maces & Flails
  6294 | D:8      | Reached XP level 9. HP: 64/67 MP: 11/11
  6546 | D:8      | Reached skill level 9 in Maces & Flails
  7307 | D:9      | Reached skill level 10 in Maces & Flails
  7618 | D:8      | Reached skill level 11 in Maces & Flails
  7918 | D:10     | Entered Level 10 of the Dungeon
  7990 | D:8      | Reached XP level 10. HP: 18/73 MP: 13/13
  8271 | D:9      | Reached skill level 12 in Maces & Flails
  8590 | D:10     | Found a staircase to the Lair.
  8881 | D:10     | Found a staircase to the Orcish Mines.
  9055 | D:10     | Reached skill level 13 in Maces & Flails
  9537 | D:10     | Found Amyuja's Armour Shop.
  9552 | D:10     | Found a shimmering altar of Xom.
  9554 | D:10     | Found an opulent altar of Gozag.
  9556 | D:10     | Noticed a manticore
  9560 | D:10     | Killed a manticore
  9563 | D:10     | Noticed a hill giant
  9569 | D:10     | Killed a hill giant
  9569 | D:10     | Reached skill level 5 in Armour
  9572 | D:10     | Noticed a fire giant
  9697 | D:10     | Reached XP level 11. HP: 46/79 MP: 8/14
 10028 | D:10     | Killed a fire giant
 10592 | Orc:1    | Entered Level 1 of the Orcish Mines
 11092 | Orc:2    | Found a frozen archway.
 11163 | IceCv    | Entered an ice cave
 12558 | D:10     | Bought a +2 scale mail of fire resistance for 273 gold pieces
 12618 | Orc:2    | Reached skill level 10 in Armour
 12665 | Orc:3    | Noticed Urug
 12707 | Orc:2    | Killed Urug
 12933 | Orc:3    | Found a roughly hewn altar of Beogh.
 13036 | Orc:3    | Noticed Nergalle
 13041 | Orc:3    | Banished Nergalle
 13091 | Orc:3    | Noticed Josephine
 13098 | Orc:3    | Banished Josephine
 13098 | Orc:3    | Reached skill level 5 in Fighting
 13226 | Orc:3    | Reached XP level 12. HP: 60/95 MP: 11/15
 13532 | Orc:4    | Entered Level 4 of the Orcish Mines
 14678 | Orc:4    | Noticed Maurice
 14764 | Orc:4    | Found a staircase to the Elven Halls.
 14896 | Orc:4    | Found Sairchui's Food Shoppe.
 14896 | Orc:4    | Found Roghour's Armour Shop.
 14897 | Orc:4    | Found Kinaas's General Store.
 14897 | Orc:4    | Found Ryoph's General Store.
 14914 | Orc:4    | Bought a +0 pair of boots of running for 535 gold pieces
 14921 | Orc:4    | Bought a +2 buckler of protection for 365 gold pieces
 14958 | Orc:4    | Noticed Donald
 14985 | Orc:4    | Bought a potion of agility for 60 gold pieces
 14985 | Orc:4    | Bought a potion of might for 60 gold pieces
 15032 | Orc:4    | Killed Donald
 15032 | Orc:4    | Reached skill level 10 in Fighting
 15050 | Orc:4    | Killed Maurice
 15242 | Orc:4    | Found a roughly hewn altar of Beogh.
 15540 | Lair:1   | Entered Level 1 of the Lair of Beasts
 16464 | Orc:4    | Bought a bread ration for 70 gold pieces
 16464 | Orc:4    | Bought a meat ration for 70 gold pieces
 16464 | Orc:4    | Bought a bread ration for 70 gold pieces
 16464 | Orc:4    | Bought a bread ration for 70 gold pieces
 16464 | Orc:4    | Bought a meat ration for 70 gold pieces
 16464 | Orc:4    | Bought a bread ration for 70 gold pieces
 16598 | Lair:1   | Reached XP level 13. HP: 89/116 MP: 12/16
 17836 | Lair:3   | Found a hole to the Spider Nest.
 17930 | Lair:3   | Found a staircase to the Shoals.
 18535 | Lair:3   | Reached skill level 1 in Long Blades
 19814 | Lair:5   | Noticed Snorg
 19837 | Lair:5   | Killed Snorg
 21878 | Lair:7   | Reached XP level 14. HP: 94/129 MP: 13/17
 23121 | Lair:8   | Entered Level 8 of the Lair of Beasts
 24617 | Lair:8   | Reached skill level 14 in Fighting
 25589 | Lair:8   | Found a staircase to the Slime Pits.
 26336 | D:11     | Noticed Maud
 26354 | D:11     | Banished Maud
 26598 | D:11     | Reached skill level 5 in Long Blades
 26860 | D:11     | Noticed Fannar
 26995 | D:11     | Killed Fannar
 28304 | D:12     | Reached XP level 15. HP: 124/138 MP: 18/18
 29456 | D:13     | Found a gate to the Vaults.
 30268 | D:14     | Found a shimmering altar of Xom.
 30839 | D:15     | Entered Level 15 of the Dungeon
 31141 | D:15     | Reached skill level 10 in Long Blades
 31669 | D:15     | Found a staircase to the Depths.
 32780 | Orc:4    | Bought a +2 ring mail of poison resistance for 306 gold pieces
 33033 | Spider:1 | Entered Level 1 of the Spider Nest
 34536 | Spider:2 | Noticed Arachne
 34919 | Spider:1 | Reached skill level 5 in Dodging
 34970 | Spider:2 | Killed Arachne
 34970 | Spider:2 | Reached XP level 16. HP: 93/146 MP: 17/19
 36551 | Spider:4 | Entered Level 4 of the Spider Nest
 36999 | Spider:4 | Got a bloodstained plate armour
 37026 | Spider:3 | Identified the +3 plate armour "Plog" {rElec Int+4} (You found it on level 4 of the Spider Nest)
 38388 | Spider:4 | Got a gossamer rune of Zot
 38762 | Orc:4    | Bought a +1 ring mail of magic resistance for 272 gold pieces
 38971 | Vaults:1 | Entered Level 1 of the Vaults
 40586 | Vaults:1 | Noticed Aizul
 40813 | Vaults:1 | Reached XP level 17. HP: 152/152 MP: 20/20
 40948 | Vaults:1 | Reached skill level 10 in Dodging
 41214 | Vaults:1 | Learned a level 6 spell: Iron Shot
 41729 | Vaults:2 | Noticed Wiglaf
 43053 | Vaults:2 | Reached skill level 15 in Long Blades
 43213 | Vaults:3 | Found a staircase to the Crypt.
 43935 | Vaults:2 | Upgraded the game from 0.17-a0-1636-g3119f2b to 0.17-a0-1637-g5d65775
 45049 | Vaults:3 | Reached XP level 18. HP: 115/160 MP: 21/21
 45283 | Vaults:3 | Reached skill level 16 in Long Blades
 45425 | Vaults:3 | Reached skill level 1 in Spellcasting
 45801 | Vaults:3 | Learned a level 6 spell: Poison Arrow
 45983 | Vaults:4 | Noticed Mennas
 46138 | Vaults:4 | Reached skill level 1 in Conjurations
 46185 | Vaults:4 | Reached skill level 1 in Poison Magic
 47115 | Vaults:4 | Found Gozag's Antique Armour Emporium.
 47120 | Vaults:4 | Found an opulent altar of Gozag.
 47120 | Vaults:4 | Found Gozag's Antique Armour Shoppe.
 47121 | Vaults:4 | Noticed an ancient lich
 47152 | Vaults:4 | Found Gozag's Antique Armour Shoppe.
 47754 | Vaults:4 | Noticed a lich
 47763 | Vaults:4 | Killed a lich
 47925 | Vaults:4 | Banished an ancient lich
 47925 | Vaults:4 | Reached skill level 5 in Conjurations
 47971 | Vaults:4 | Bought a shimmering helmet for 950 gold pieces
 47981 | Vaults:4 | Identified the cursed +0 helmet "Elen" {+Blink Str+2} (You bought it in a shop on level 4 of the Vaults)
 48166 | Vaults:1 | Reached skill level 5 in Poison Magic
 48464 | Shoals:1 | Entered Level 1 of the Shoals
 48546 | Shoals:1 | Found Rientis's Book Shoppe.
 48852 | Shoals:1 | Noticed Frances
 48978 | Shoals:1 | Noticed Louise
 49432 | Depths:1 | Entered Level 1 of the Depths
 49808 | Depths:1 | Found a one-way gate to the infinite horrors of the Abyss.
 50266 | Depths:1 | Found a gateway to Hell.
 50683 | Depths:1 | Upgraded the game from 0.17-a0-1637-g5d65775 to 0.17-a0-1642-gd4b747b
 50694 | Depths:1 | Reached XP level 19. HP: 22/167 MP: 26/26
 51987 | Depths:2 | Noticed a golden dragon
 51990 | Depths:2 | Banished a golden dragon
 53315 | Depths:2 | Found a one-way gate leading to the halls of Pandemonium.
 54080 | Depths:2 | Reached skill level 10 in Conjurations
 54508 | Depths:2 | Reached skill level 10 in Poison Magic
 55456 | Depths:5 | Entered Level 5 of the Depths
 56357 | Elf:1    | Entered Level 1 of the Elven Halls
 56418 | Elf:1    | Found Qimpacoa's Distillery.
 56484 | Elf:1    | Noticed Roxanne
 56508 | Elf:1    | Killed Roxanne
 56508 | Elf:1    | Reached XP level 20. HP: 163/174 MP: 27/27
 56510 | Elf:1    | Identified Roxanne's Guide on the Shifting Mountains (You took it off Roxanne on level 1 of the Elven Halls)
 56739 | Elf:1    | Identified the Reference Book on Unholy Magic
 56909 | Elf:1    | Noticed Asterion
 56922 | Elf:1    | Banished Asterion
 57413 | Elf:2    | Found Sasatsem's Antique Armour Shoppe.
 57444 | Elf:2    | Got a smoking leather armour
 57463 | Elf:2    | Identified the +3 leather armour "Otirgh" {rN+ SInv} (You found it on level 2 of the Elven Halls)
 57507 | Elf:2    | Bought a glowing helmet for 81 gold pieces
 57519 | Elf:2    | Bought a shiny helmet for 81 gold pieces
 57543 | Elf:2    | Bought a runed shield for 81 gold pieces
 57834 | Elf:2    | Found a runed gate.
 57834 | Elf:2    | Found a runed gate.
 57837 | Elf:2    | Found a runed gate.
 58668 | Elf:3    | Entered Level 3 of the Elven Halls
 59356 | Elf:3    | Identified the Catalogue of Doomed Curses
 59367 | Elf:3    | Got a polished chain mail
 59411 | Elf:3    | Got a distressingly furry cloak
 59422 | Elf:3    | Identified the +0 cloak "Curchyl" {MR+ Int+2 SInv} (You found it on level 3 of the Elven Halls)
 59608 | Elf:3    | Identified Rawogyr's Collected Works on Ignition
 59810 | Elf:3    | Got a pair of jewelled boots
 59822 | Elf:3    | Identified the +1 pair of boots of Resilience {rC+ MP+9} (You found it on level 3 of the Elven Halls)
 60405 | Elf:3    | Cast into the Abyss (deep elf sorcerer)
 60411 | Abyss:1  | Found a radiant altar of Vehumet.
 60421 | Abyss:1  | Killed a golden dragon
 60963 | Abyss:3  | Gained mutation: You are robust (+10% HP). [a neqoxec]
 61137 | Elf:3    | Escaped the Abyss
 61817 | Elf:3    | Identified the +7 chain mail "Bupruisi" {rC- Str+6 Int+4} (You found it on level 3 of the Elven Halls)
 62404 | Vaults:4 | Bought a steaming ring mail for 900 gold pieces
 62414 | Vaults:4 | Identified the +3 ring mail of Restlessness {rPois rF+ MR++ Dex-4} (You bought it in a shop on level 4 of the Vaults)
 62435 | Vaults:4 | Bought a pitted buckler for 950 gold pieces
 62445 | Vaults:4 | Identified the cursed +0 buckler of Contentment {rElec Str+6} (You bought it in a shop on level 4 of the Vaults)
 62477 | Vaults:4 | Bought an ichor-stained leather armour for 700 gold pieces
 62487 | Vaults:4 | Identified the +3 leather armour "Ipiecohi" {+Inv MR+ MP-9} (You bought it in a shop on level 4 of the Vaults)
 63041 | Shoals:1 | Killed Frances
 63123 | Shoals:1 | Killed Louise
 63569 | Shoals:2 | Noticed Polyphemus
 63605 | Shoals:2 | Killed Polyphemus
 63812 | Shoals:2 | Reached XP level 21. HP: 188/199 MP: 28/28
 64631 | Shoals:2 | Found Dodopp's Antique Armour Boutique.
 65100 | Shoals:3 | Reached skill level 15 in Armour
 65762 | Shoals:4 | Entered Level 4 of the Shoals
 65903 | Shoals:4 | Noticed Ilsuiw
 65959 | Shoals:4 | Killed Ilsuiw
 66593 | Shoals:4 | Got a faintly glowing scale mail
 66594 | Shoals:4 | Identified the cursed +0 scale mail of the Prince of Darkness {rPois Dex+3} (You found it on level 4 of the Shoals)
 66783 | Shoals:4 | Reached skill level 15 in Conjurations
 67111 | Shoals:4 | Got a barnacled rune of Zot
 67204 | Shoals:4 | Got a fabulously ornate robe
 67205 | Shoals:4 | Identified the +1 robe of True Grit {Stlth+} (You found it on level 4 of the Shoals)
 68525 | Depths:3 | Noticed Jory
 68538 | Depths:3 | Reached skill level 5 in Spellcasting
 68639 | Depths:3 | Killed Jory
 68838 | Depths:3 | Found an iron altar of Okawaru.
 68849 | Depths:3 | Got a slimy double sword
 68850 | Depths:3 | Identified the +4 double sword of Anger {freeze, rC++ MR- Stlth+} (You found it on level 3 of the Depths)
 68853 | Depths:3 | Got a warped demon blade
 68854 | Depths:3 | Identified the +5 demon blade of Mandamus {drain, rElec Dex+2} (You found it on level 3 of the Depths)
 68867 | Depths:3 | Got a smoking buckler
 68878 | Depths:3 | Identified the +1 buckler "Gutum" {rF+++ Str-3 Dex+4 Stlth+} (You found it on level 3 of the Depths)
 68878 | Depths:3 | nice
 68924 | Depths:3 | Found a gateway to a ziggurat.
 69169 | Depths:3 | Noticed a caustic shrike
 69182 | Depths:3 | Killed a caustic shrike
 70085 | Depths:4 | Noticed a golden dragon
 70100 | Depths:4 | Killed a golden dragon
 70100 | Depths:4 | Reached XP level 22. HP: 186/209 MP: 40/40
 70133 | Depths:4 | Found Qegural's Assorted Antiques.
 70140 | Depths:4 | Bought a scroll of teleportation for 84 gold pieces
 70160 | Depths:4 | Found Ligeij's Gadget Shop.
 70407 | Depths:4 | Bought a wand of teleportation (6) for 660 gold pieces
 70463 | Depths:4 | Found Zoteri's Antique Weapon Boutique.
 71404 | Depths:4 | Noticed a caustic shrike
 71419 | Depths:4 | Killed a caustic shrike
 71812 | Depths:4 | Found a glowing golden altar of the Shining One.
 71886 | Depths:4 | Reached skill level 17 in Conjurations
 71916 | Depths:5 | Noticed a golden dragon
 72118 | Depths:4 | Killed a golden dragon
 72914 | Depths:5 | Noticed a golden dragon
 72921 | Depths:5 | Reached skill level 1 in Earth Magic
 72928 | Depths:5 | Killed a golden dragon
 73112 | Depths:5 | Found a gate to the Realm of Zot.
 73113 | Depths:5 | Noticed a golden dragon
 73150 | Depths:4 | Killed a golden dragon
 73252 | Depths:5 | Reached skill level 18 in Conjurations
 74892 | Depths:5 | Learned a level 1 spell: Apportation
 74940 | Depths:5 | Reached skill level 5 in Earth Magic
 75661 | Depths:5 | Reached XP level 23. HP: 215/215 MP: 41/41
 75670 | Depths:5 | Identified Lehudib's Grimoire of Harmful Clay (You found it on level 5 of the Depths)
 76294 | Vaults:5 | Entered Level 5 of the Vaults
 76297 | Vaults:5 | Noticed Rayvis's ghost (great MiFi)
 76391 | Vaults:5 | Killed Rayvis's ghost
 76662 | Vaults:5 | Got a scorched brass ring
 76663 | Vaults:5 | Identified the ring "Zonebus" {rPois rF+ Str+3} (You found it on level 5 of the Vaults)
 76924 | Vaults:5 | Noticed an ancient lich
 77172 | Vaults:5 | Killed an ancient lich
 77172 | Vaults:5 | Reached skill level 10 in Earth Magic
 77519 | Vaults:5 | Got a pitted brass ring
 77520 | Vaults:5 | Identified the ring of Faffag {SustAt -Tele rN+ Str+4} (You took it off an ironbrand convoker on level 5 of the Vaults)
 77541 | Vaults:5 | Identified the Compendium of Talismans
 77546 | Vaults:5 | Learned a level 3 spell: Regeneration
 77725 | Vaults:5 | Reached skill level 1 in Charms
 77725 | Vaults:5 | Reached skill level 1 in Necromancy
 77889 | Vaults:5 | Got a pitted glass ring
 77996 | Vaults:5 | Identified the ring "Hietuboi" {SustAt rF- Str+7 Int+7} (You took it off an ironheart preserver on level 5 of the Vaults)
 78276 | Vaults:5 | Noticed an ancient lich
 78313 | Vaults:5 | Killed an ancient lich
 78313 | Vaults:5 | Reached skill level 5 in Charms
 78313 | Vaults:5 | Reached skill level 5 in Necromancy
 78646 | Vaults:5 | Got a silver rune of Zot
 78910 | Vaults:5 | Reached skill level 15 in Fighting
 79550 | Vaults:1 | Killed Aizul
 79612 | Vaults:1 | Learned a level 7 spell: Orb of Destruction
 79947 | Shoals:1 | Bought a book of Minor Magic for 320 gold pieces
 79950 | Shoals:1 | Learned a level 2 spell: Blink
 79953 | Shoals:1 | Learned a level 2 spell: Repel Missiles
 80360 | Vaults:4 | Bought a bronze chain mail for 950 gold pieces
 80370 | Vaults:4 | Identified the +4 chain mail of Misanthropy {+Inv rPois Int-3 Stlth-} (You bought it in a shop on level 4 of the Vaults)
 80749 | Depths:2 | Reached XP level 24. HP: 213/227 MP: 41/41
 80865 | Zot:1    | Entered Level 1 of the Realm of Zot
 81004 | Zot:1    | Upgraded the game from 0.17-a0-1642-gd4b747b to 0.17-a0-1646-geb1493d
 81403 | Zot:1    | Reached skill level 19 in Conjurations
 82399 | Zot:2    | Identified a scroll of acquirement
 84035 | Zot:3    | Noticed an orb of fire
 84057 | Zot:3    | Killed an orb of fire
 84057 | Zot:3    | Reached skill level 15 in Dodging
 85022 | Zot:4    | Reached XP level 25. HP: 138/242 MP: 0/41
 85594 | Zot:5    | Entered Level 5 of the Realm of Zot
 86039 | Zot:5    | Noticed an ancient lich
 86061 | Zot:5    | Cast into the Abyss (an ancient lich)
 86276 | Abyss:1  | Noticed an ancient lich
 86277 | Abyss:1  | Paralysed by accursed screaming for 1 turns
 86289 | Abyss:1  | Paralysed by accursed screaming for 1 turns
 86296 | Abyss:1  | Killed an ancient lich
 86296 | Abyss:1  | Paralysed by accursed screaming for 1 turns
 86305 | Abyss:1  | Paralysed by accursed screaming for 1 turns
 86307 | Abyss:1  | Paralysed by accursed screaming for 1 turns
 86313 | Abyss:1  | Paralysed by accursed screaming for 1 turns
 86386 | Abyss:1  | Killed Nergalle
 86896 | Abyss:2  | Found a corrupted altar of Lugonu.
 86952 | Zot:5    | Escaped the Abyss
 86965 | Zot:5    | Killed an ancient lich
 86975 | Zot:5    | Noticed an ancient lich
 86983 | Zot:5    | Killed an ancient lich
 87056 | Zot:5    | Noticed an orb of fire
 87200 | Zot:5    | Noticed an orb of fire
 87211 | Zot:5    | Killed an orb of fire
 87297 | Zot:5    | Killed an orb of fire
 87336 | Zot:5    | Noticed an orb of fire
 87337 | Zot:5    | Gained mutation: Your spells are a little easier to cast, but a little less powerful. [an orb of fire]
 87357 | Zot:5    | Killed an orb of fire
 87565 | Zot:5    | Noticed an ancient lich
 87589 | Zot:5    | Killed an ancient lich
 87830 | Zot:5    | Reached XP level 26. HP: 196/259 MP: 41/41
 87887 | Zot:5    | Got the Orb of Zot
 87952 | Zot:5    | Noticed Ynkix the pandemonium lord
 88470 | D:3      | Noticed Ymohuafe the pandemonium lord
 88470 | D:3      | Noticed an ancient lich
 88497 | D:2      | Noticed Natasha
 88507 | D:2      | Killed Natasha
 88553 | D:$      | Escaped with the Orb!

Vault maps used:
D:1:      dpeg_arrival_castle
D:2:      uniq_natasha, uniq_jessica, uniq_iyjb
D:3:      minivault_4, uniq_robin, uniq_terence
D:4:      old_standard_altar, uniq_edmund
D:5:      minmay_temple_entry_glass, first_bread
D:6:      uniq_sigmund
D:7:      minmay_misc_feat_roman
D:10:     minmay_lair_entry_grove, orc_david_3, serial_shops, shop,
          jmf_multi_god_temple
D:11:     grunt_livestock, uniq_fannar, uniq_maud
D:13:     erik_vaults_2
D:14:     hangedman_decor_lopped, basic_altar
D:15:     grunt_enter_depths_hoard, hangedman_abyss_or_decor_stagger,
          minivault_5
Lair:1:   mu_elephants_graveyard
Lair:2:   beast_lair_carwin_large_3
Lair:3:   minmay_shoals_entry_beasts, spider_nest_entry_a, st_stairs_7,
          fungi_pond_lemuel
Lair:4:   statuecave_lemuel
Lair:5:   uniq_snorg
Lair:6:   cheibrodos_lair_caveside_slide, minivault_26,
          infiniplex_staircase_pool, serial_bayou_shore_a
Lair:8:   minmay_lair_end_enchanted_forest, nicolae_slime_entry_slimehenge
Shoals:1: serial_shops, shop, uniq_louise, uniq_frances
Shoals:2: serial_shops, shop, uniq_polyphemus
Shoals:3: st_cyclops
Shoals:4: shoals_end_simple, shoal_ilsuiw
Spider:2: uniq_arachne
Spider:4: grunt_spider_rune_circles
Orc:2:    portal_ice_cave_entry_imps
Orc:3:    basic_altar, nicolae_volcano_entry_s_turn, nicolae_orc_pool_cavern,
          uniq_urug, uniq_nergalle, uniq_josephine
Orc:4:    st_orc_ogre_mass, kennysheep_orc_chapel, uniq_donald, uniq_maurice
Elf:1:    serial_shops, nicolae_shop_trees, minmay_elf_necromancy,
          uniq_asterion, uniq_roxanne
Elf:2:    serial_shops, nicolae_shop_stone
Elf:3:    grunt_elf_hall_spiral
Vaults:1: v_alt_pattern_2, vaults_room_guarded_vault, v_alt_pattern_4,
          v_misc_26, grunt_vaults_swirl, v_rooms_5, v_misc_13,
          vaults_room_corners, nicolae_vaults_circle_grid_a, uniq_aizul
Vaults:2: nicolae_vaults_sealed_display, hangedman_vaults_corner_blocks,
          v_misc_24, hangedman_vaults_impose, v_misc_33, vaults_room_boxed,
          nicolae_vaults_ring_of_whatevers, vaults_dpeg_ring,
          ontoclasm_vaults_spin, v_pattern_3, vaults_dpeg_encased_lava,
          nicolae_vaults_little_squares_3, uniq_wiglaf
Vaults:3: nicolae_vaults_mini_display_case, v_misc_10, v_misc_11,
          ontoclasm_vaults_loading_screen, ontoclasm_vaults_claustrophobia,
          v_misc_12, hangedman_vaults_nodes, v_misc_13, v_rooms_6,
          dummy_crypt_entry
Vaults:4: nicolae_vaults_little_squares_1, kennysheep_vaults_gozag_temple,
          grunt_vaults_hallway_short, v_misc_15, v_rooms_5,
          ontoclasm_vaults_decontamination, nicolae_vaults_hallways_thing,
          v_misc_12, hangedman_vaults_cutoff, nicolae_vaults_alarming,
          vaults_room_ringed_pool, nicolae_vaults_three_branches, v_rooms_2,
          v_misc_19, v_misc_19, vaults_room_semicircle, uniq_mennas
Vaults:5: serial_shops
Depths:1: hourglass_vault, hellmouth_1, abyss_entry, hangedman_corner_corridor
Depths:2: kennysheep_big_flooded_room, pf_coc_iceberg, rand_demon_pan_entry_4,
          kennysheep_nondescript
Depths:3: evilmike_iron_armoury, enter_ziggurat_f,
          hangedman_abyss_or_decor_slice, rand_demon_pan_entry_1,
          pf_hell_entry_tar_river, kennysheep_random_hallway,
          grunt_megastairs_4, uniq_jory
Depths:4: evilmike_diamond_1, serial_shops, shop, nicolae_shop_behind_doors,
          shop_fountains, abyss_entry, lemuel_round_altar, hell_entry
Depths:5: grunt_zot_entry_funnels, rand_demon_pan_entry_5, hell_entry,
          hangedman_research_geology
Zot:1:    st_stairs_14
Zot:3:    guppyfry_library_mini, lemuel_elevator
Zot:4:    st_stairs_5, basic_stair_grate_trap
Abyss:2:  minivault_1
Abyss:3:  grunt_abyss_rune_the_horror
IceCv:    ice_cave_statue_garden_02

Action                   |  1- 3 |  4- 6 |  7- 9 | 10-12 | 13-15 | 16-18 | 19-21 | 22-24 | 25-27 || total
-------------------------+-------+-------+-------+-------+-------+-------+-------+-------+-------++-------
Melee: Flail             |   116 |   173 |   328 |   909 |  2063 |       |       |       |       ||  3589
       Double sword      |       |       |       |       |   240 |  2253 |  3043 |  2534 |   769 ||  8839
       Staff             |       |       |       |       |       |       |    44 |       |       ||    44
Throw: Throwing net      |     2 |     2 |       |     1 |       |       |       |       |       ||     5
       Tomahawk          |       |     2 |     5 |     3 |       |       |       |       |       ||    10
       Javelin           |       |       |       |    10 |     7 |     1 |     3 |       |       ||    21
 Cast: Poison Arrow      |       |       |       |       |       |       |    43 |     5 |     1 ||    49
       Regeneration      |       |       |       |       |       |       |       |    16 |    17 ||    33
       Repel Missiles    |       |       |       |       |       |       |       |     6 |     3 ||     9
       Apportation       |       |       |       |       |       |       |       |       |     6 ||     6
       Iron Shot         |       |       |       |       |       |       |       |       |     4 ||     4
       Orb of Destructio |       |       |       |       |       |       |       |       |     3 ||     3
Evoke: Wand              |       |       |       |    17 |     6 |     4 |     6 |    10 |     3 ||    46
  Use: Scroll            |       |     4 |     9 |     8 |    22 |    12 |    16 |    10 |     4 ||    85
       Potion            |       |       |     2 |     7 |     2 |     8 |    13 |     3 |    11 ||    46
 Stab: Sleeping          |     1 |     1 |       |       |     1 |     3 |       |     2 |       ||     8
       Held in net/web   |       |     2 |       |       |       |       |       |       |       ||     2
       Distracted        |       |       |       |       |       |     3 |     1 |       |       ||     4
       Fleeing           |       |       |       |       |       |     1 |       |       |       ||     1
       Invisible         |       |       |       |       |       |       |    16 |       |       ||    16
       Petrified         |       |       |       |       |       |       |       |     2 |       ||     2
  Eat: Chunk             |     1 |     4 |     5 |     1 |    17 |    15 |    50 |    34 |     2 ||   129
       Bread ration      |       |     1 |       |     3 |       |     4 |     7 |     2 |     4 ||    21
       Beef jerky        |       |     1 |     3 |       |     6 |       |     2 |     2 |       ||    14
       Pizza             |       |       |     1 |       |     6 |     1 |     1 |       |       ||     9
       Meat ration       |       |       |     1 |     3 |     4 |     6 |     7 |     3 |     1 ||    25
       Royal jelly       |       |       |       |       |     2 |       |     1 |       |       ||     3
       Fruit             |       |       |       |       |       |     1 |     5 |     4 |       ||    10
